Cogmind - Beta 13 @@@ ROGUE MODE // 2024.05.25 @ 23:31:29 Player: JTMusky Result: Destroyed by CW-UD5(R) with Subdweller Laser Performance ------------- Evolutions (0) 0 Regions Visited (3) 600 Robots Destroyed (20) 100 Value Destroyed (475) 475 Prototype IDs (2) 40 Alien Tech Used (0) 0 Bonus (0) 0 TOTAL SCORE: 1215 Bonus ------- None Cogmind --------- Core Integrity 0/250 Matter 300/300 Energy 100/100 System Corruption 0% Temperature Cool (6) Movement Core (100) Ox1 Location -10/Subcaves Parts ------- > --- POWER (1) -------- (None) > --- PROPULSION (2) --- (None) > --- UTILITY (2) ------ Structural Scanner Transport Network Coupler > --- WEAPON (2) ------- Barrage Gun Mining Laser > --- INVENTORY (5) ---- Visual Processing Unit Grenade Launcher Rocket Launcher Welding Torch Peak State ------------ > --- POWER ------------ Ion Engine > --- PROPULSION ------- Aluminum Leg Aluminum Leg > --- UTILITY ---------- Small Storage Unit Seismic Detector > --- WEAPON ----------- Grenade Launcher Rocket Launcher > --- INVENTORY -------- Ion Engine Light Treads Light Treads Visual Processing Unit Improved Terrain Scanner Transport Network Coupler Light Assault Rifle Welding Torch [Rating: 9] Favorites ----------- Power Ion Engine Engine Ion Engine Propulsion Aluminum Leg Leg Aluminum Leg Wheel Wheel Utility Small Storage Unit Device Seismic Detector Storage Small Storage Unit Processor Transport Network Coupler Weapon Rocket Launcher Energy Gun EM Pulse Gun Ballistic Gun Barrage Gun Launcher Rocket Launcher Special Weapon Mining Laser Special Melee Weapon Datajack Build | -11 -10 -10 -10 ------- Run | Yrd Mat Min Sub Slots Evolved . | . . . . Power . | . . . . Propulsion . | . . . . Utility . | . . . . Weapon . | . . . . Parts Attached 24 | 11 11 . 2 Power 3 | 1 2 . . Engine 3 | 1 2 . . Core . | . . . . Reactor . | . . . . Propulsion 5 | 4 1 . . Treads . | . . . . Leg 3 | 2 1 . . Wheel 2 | 2 . . . Hover . | . . . . Flight . | . . . . Utility 4 | 2 2 . . Device 2 | 1 1 . . Storage 1 | 1 . . . Processor 1 | . 1 . . Hackware . | . . . . Protection . | . . . . Artifact . | . . . . Weapon 12 | 4 6 . 2 Energy Gun 1 | 1 . . . Energy Cannon . | . . . . Ballistic Gun 3 | 2 . . 1 Ballistic Cannon . | . . . . Launcher 3 | . 3 . . Special Weapon 3 | 1 1 . 1 Impact Weapon . | . . . . Slashing Weapon . | . . . . Piercing Weapon . | . . . . Special Melee Weapon 2 | . 2 . . Unidentified Prototypes . | . . . . Parts Lost 8 | . 3 4 1 Power 1 | . . . 1 Propulsion 2 | . . 2 . Utility . | . . . . Weapon 5 | . 3 2 . Highest Loss Streak 4 | . 1 4 1 To Critical Strikes . | . . . . Average Slot Usage (%) 89 | . 95 97 53 Engine 13 | . 14 14 9 Leg 23 | . 27 27 . Device 12 | . 12 14 14 Storage 7 | . 12 . . Processor 7 | . 3 14 14 Ballistic Gun 3 | . 1 . 13 Launcher 11 | . 13 13 . Special Weapon 3 | . 5 . 1 Special Melee Weapon 4 | . 2 13 . Naked Turns . | . . . . Heaviest Build 18 | 14 18 11 9 Greatest Support 20 | 20 20 20 3 Greatest Overweight (x) 2 | 1 . 1 2 Average Overweight (x) . | . . . 1 Largest Inventory Capacity 8 | 8 8 5 5 Average Capacity 6 | 7 7 5 5 Most Carried 8 | 8 8 5 5 Average Carried 6 | 5 7 4 4 Final Capacity 8 | 8 5 5 5 Final Carried 8 | 8 4 5 4 Class Distribution -------------------- 100% | Mutant Dominant Class ---------------- Mutant | -10/Materials Mutant | -10/Mines Mutant | -10/Subcaves Resources | -11 -10 -10 -10 ----------- Run | Yrd Mat Min Sub Matter Collected 747 | 330 352 45 20 Remotely . | . . . . Salvage Created 359 | 116 243 . . Parts 25 | 5 20 . . Haulers Intercepted 1 | . 1 . . Recyclers Shooed . | . . . . Parts Field Recycled . | . . . . Retrieved Matter . | . . . . Parts Self-Destructed 3 | . . . 3 Prevented . | . . . . Kills | -11 -10 -10 -10 ------- Run | Yrd Mat Min Sub Combat Hostiles Destroyed 10 | . 10 . . AOE 10 | . 10 . . Classes Destroyed 9 | 2 7 . . Worker 1 | . 1 . . Builder 1 | . 1 . . Tunneler 1 | 1 . . . Hauler 1 | . 1 . . Recycler 2 | 1 1 . . Operator 2 | . 2 . . Watcher 2 | . 2 . . Swarmer 3 | . 3 . . Grunt 7 | . 7 . . Best Kill Streak 3 | 1 3 . . Combat Bots Only 2 | . 2 . . Max Kills in Single Turn 2 | 1 2 . . Gunslinging . | . . . . Exploded 1 | . 1 . . Melee . | . . . . Uniques/NPCs Destroyed . | . . . . Combat | -11 -10 -10 -10 -------- Run | Yrd Mat Min Sub Hostile Shots Fired 123 | . 77 39 7 Missed 54 | . 29 20 5 Damage Taken 979 | . 681 209 89 Core 250 | . 142 55 53 Absorbed by Shields . | . . . . Regen/Repaired (Parts) 71 | . 71 . . Core Remaining (%) 100 | 100 . . . Volleys Fired 61 | 5 54 . 2 Largest 2 | 2 1 . 1 Hottest 100 | 40 100 . 100 Shots Fired 66 | 10 54 . 2 Gun 10 | 10 . . . Cannon . | . . . . Launcher 35 | . 35 . . Special 21 | . 19 . 2 Kinetic 10 | 10 . . . Thermal 21 | . 19 . 2 Explosive 35 | . 35 . . Electromagnetic . | . . . . Robot Hit Streak 5 | 2 5 . . Robot Miss Streak 2 | 1 2 . . Penetration Max . | . . . . Secondary Targets . | . . . . Shots Hit Robots 22 | 5 13 4 . Core Hits 38 | 3 35 . . Critical Kills . | . . . . Critical Parts Destroyed . | . . . . Critical Strikes . | . . . . Melee Attacks 4 | . . 4 . Impact . | . . . . Slashing . | . . . . Piercing . | . . . . Sneak Attacks 4 | . . 4 . Combat Hostiles . | . . . . Follow-up Attacks . | . . . . Damage Inflicted 1437 | 51 1384 2 . Guns 51 | 51 . . . Cannons . | . . . . Explosions 1352 | . 1352 . . Melee . | . . . . Ramming 10 | . 8 2 . Kinetic 51 | 51 . . . Thermal 24 | . 24 . . Explosive 1352 | . 1352 . . Electromagnetic . | . . . . Impact . | . . . . Slashing . | . . . . Piercing . | . . . . Highest Corruption . | . . . . Average Corruption . | . . . . Corruption Purged . | . . . . Corruption Blocked . | . . . . Overload Shots . | . . . . Overflow Damage 61 | . 61 . . Projectiles . | . . . . Explosions 61 | . 61 . . Melee . | . . . . Knockbacks . | . . . . Impact . | . . . . Kinetic . | . . . . Secondary . | . . . . Self-Inflicted Damage 163 | . 163 . . Shots 8 | . 8 . . Rammed . | . . . . Targets Rammed 5 | . 4 1 . Kicked 5 | . 4 1 . Crushed . | . . . . Highest Temperature 42 | . 42 2 . Average Temperature 15 | . 16 2 . Received Heat Transfer 305 | . 165 128 12 Siege Activations . | . . . . Robots Corrupted . | . . . . Combat Hostiles . | . . . . Parts Fried . | . . . . Impact Corruptions . | . . . . Robots Melted . | . . . . Combat Hostiles . | . . . . Parts Melted . | . . . . Heat Transferred 50 | . 50 . . Parts Sabotaged . | . . . . Parts Stolen . | . . . . Parts Stripped . | . . . . Power Chain Reactions . | . . . . Alert | -11 -10 -10 -10 ------- Run | Yrd Mat Min Sub Peak Influence 305 | 10 305 75 . Initial 75 | . 6 75 . Average 112 | 5 145 59 . Maximum Alert Level 1 | . 1 . . Low Security (%) 78 | 100 67 100 . Level 1 21 | . 32 . . Level 2 . | . . . . Level 3 . | . . . . Level 4 . | . . . . Level 5 . | . . . . High Security . | . . . . Max Security . | . . . . Squads Dispatched 1 | . 1 . . Investigation . | . . . . Extermination . | . . . . Reinforcement 1 | . 1 . . Assault . | . . . . Garrison . | . . . . Intercept . | . . . . Searches Triggered . | . . . . Construction Impeded . | . . . . Haulers Reinforced . | . . . . Active Scanning Responses . | . . . . Cargo Convoy Interrupts . | . . . . Stealth | -11 -10 -10 -10 --------- Run | Yrd Mat Min Sub Distress Signals 1 | . 1 . . Communications Jammed . | . . . . Distress Signals . | . . . . Times Spotted 31 | . 21 7 3 Peak Tracking Total 6 | . 3 6 2 Tactical Retreats 2 | . 1 1 . Traps | -11 -10 -10 -10 ------- Run | Yrd Mat Min Sub Traps Triggered 1 | . . . 1 Indirectly . | . . . . Trap Hack Attempts . | . . . . Triggered . | . . . . Disarmed . | . . . . Reprogrammed . | . . . . Reused . | . . . . Traps Extracted . | . . . . Installed . | . . . . Triggered 1 | . . . 1 Machines | -11 -10 -10 -10 ---------- Run | Yrd Mat Min Sub Machines Disabled 9 | . 9 . . Max in Single Turn 2 | . 2 . . Machines Repaired . | . . . . Machines Dismantled . | . . . . Machines Sabotaged . | . . . . Overloaded Fab Kills . | . . . . Hacking | -11 -10 -10 -10 --------- Run | Yrd Mat Min Sub Machines Accessed 6 | . 6 . . Terminals 4 | . 4 . . Fabricators . | . . . . Repair Stations 1 | . 1 . . Recycling Units 1 | . 1 . . Scanalyzers . | . . . . Garrison Access . | . . . . Total Hacks 19 | . 19 . . Successful 13 | . 13 . . Failed 6 | . 6 . . Catastrophic . | . . . . Database Lockouts . | . . . . Manual . | . . . . Terminals 10 | . 10 . . Fabricators . | . . . . Repair Stations 7 | . 7 . . Recycling Units 2 | . 2 . . Scanalyzers . | . . . . Garrison Access . | . . . . Terminal Hacks 8 | . 8 . . Prototype ID Bank 1 | . 1 . . Alert Level 1 | . 1 . . Maintenance Status 1 | . 1 . . Transport Status 1 | . 1 . . Hauler Manifests 1 | . 1 . . Zone Layout 3 | . 3 . . Fabricator Hacks . | . . . . Repair Station Hacks 4 | . 4 . . Scan Component 3 | . 3 . . Repair 1 | . 1 . . Recycling Unit Hacks 1 | . 1 . . Retrieve Matter 1 | . 1 . . Scanalyzer . | . . . . Garrison Access Hacks . | . . . . Unauthorized Hacks . | . . . . Terminals . | . . . . Fabricators . | . . . . Repair Stations . | . . . . Recycling Units . | . . . . Scanalyzers . | . . . . Garrison Access . | . . . . Data Cores Recovered . | . . . . Used . | . . . . Hacking Detections 6 | . 6 . . Full Trace Events . | . . . . Feedback Events . | . . . . Feedback Blocked . | . . . . Robot Schematics Acquired . | . . . . Robots Built . | . . . . Authchips . | . . . . Time . | . . . . Total Robot Build Rating . | . . . . Part Schematics Acquired . | . . . . Parts Built . | . . . . Authchips . | . . . . Time . | . . . . Total Part Build Rating . | . . . . Parts Repaired 1 | . 1 . . Time 26 | . 26 . . Parts Recycled . | . . . . Recycled Matter . | . . . . Retrieved Matter 64 | . 64 . . Retrieved Components . | . . . . Parts Scanalyzed . | . . . . Part Schematics Acquired . | . . . . Parts Damaged . | . . . . Bothacking | -11 -10 -10 -10 ------------ Run | Yrd Mat Min Sub Used RIF Installer . | . . . . Robots Hacked 1 | . . 1 . Non-combat . | . . . . Combat 1 | . . 1 . Robot Hacks Applied 1 | . . 1 . parse_system 1 | . . 1 . Relay Couplers Released . | . . . . Fabnet Peak Effective % . | . . . . Robots Rewired . | . . . . Allies Hacked . | . . . . Hacks Repelled . | . . . . Allies | -11 -10 -10 -10 -------- Run | Yrd Mat Min Sub Total Allies 3 | . . 3 . Largest Group 3 | . . 3 . Highest-Rated Group 40 | . . 40 . Highest-Rated Ally 16 | . . 16 . Total Orders 2 | . . 2 . ROAM 1 | . . 1 . AID 1 | . . 1 . Ally Attacks 3 | . . 3 . Total Damage 34 | . . 34 . Kills . | . . . . Allies Corrupted . | . . . . Allies Melted . | . . . . Intel | -11 -10 -10 -10 ------- Run | Yrd Mat Min Sub Robot Analysis Total . | . . . . Derelict Logs Recovered 1 | . . . 1 Drone Launches . | . . . . Drone Recoveries . | . . . . Exploration | -11 -10 -10 -10 ------------- Run | Yrd Mat Min Sub Turns Passed 2366 | 140 1329 533 364 Spaces Moved 1687 | 83 891 437 276 Core 279 | 1 . 2 276 Treads . | . . . . Legs 1398 | 72 891 435 . Wheels 10 | 10 . . . Hover . | . . . . Flight . | . . . . Fastest Speed 50 | 50 120 100 100 Average Speed 121 | 121 120 119 128 Slowest Speed 190 | 190 120 120 150 Overloaded Moves . | . . . . Propulsion Burnouts . | . . . . Robots Hopped . | . . . . Cave-ins Triggered . | . . . . Exploration Rate (%) 53 | 6 98 78 30 Regions Visited 3 Branch Regions 2 Pre-discovered Areas 1 | . . . 1 Known Exits Taken . | . . . . Unknown Exits Taken 3 | 1 1 1 . Scrap Searched 3 | . . 1 2 Spaces Dug 14 | . 14 . . Terrain Destroyed 176 | . 176 . . Melee . | . . . . Projectile 15 | . 15 . . AOE 161 | . 161 . . Terrain Rammed . | . . . . Walls Destroyed . | . . . . Machines Disabled . | . . . . Actions | -11 -10 -10 -10 --------- Run | Yrd Mat Min Sub Total 1893 | 108 1062 443 280 Wait 79 | . 78 1 . Move 1684 | 82 890 436 276 Hop . | . . . . Pick Up 18 | 8 9 1 . Fast Attach 14 | 8 5 . 1 Attach 3 | . 2 . 1 Detach 3 | 1 2 . . Swap 7 | 3 4 . . Drop 15 | 1 14 . . Fire 61 | 5 54 . 2 Melee 4 | . . 4 . Ram . | . . . . Kick 5 | . 4 1 . Crush . | . . . . Escape Stasis . | . . . . Rewire . | . . . . Trap . | . . . . Miscellaneous . | . . . . Route ------- -11/Scrapyard -10/Materials (discovered 5 exits: [*Mat x3] / [*Min] / [*Sub]) -10/Mines (discovered 3 exits: [*Mat] / [*Exi] / [*Sub]) -10/Subcaves (discovered 2 exits: [*Mat] / [Rec]) History --------- Turn | Location | Event 10 | -11/Scrapyard | Discovered new exit (range 15) 141 | -11/Scrapyard | Entered Materials 333 | -10/Materials | Build established: Mutant 346 | -10/Materials | Discovered new exit (range 15) 534 | -10/Materials | Discovered new exit (range 13) 761 | -10/Materials | Discovered new exit (range 16) 828 | -10/Materials | Discovered new exit (range 7) 932 | -10/Materials | Repaired Aluminum Leg 1283 | -10/Materials | Discovered new exit (range 12) 1441 | -10/Materials | Derelicts attacked the area 1470 | -10/Materials | Core integrity fell below 50% 1470 | -10/Materials | Entered Mines 1475 | -10/Mines | Deemed a non-threat by the Exiles lab entrance 1475 | -10/Mines | Discovered new exit (range 5) 1520 | -10/Mines | Assisted by bots powering up and referring to "LRC-V3" 1582 | -10/Mines | YI-UF0 nonchalantly dropped a Grenade Launcher on the ground 1738 | -10/Mines | Discovered new exit (range 5) 1796 | -10/Mines | Discovered new exit (range 14) 1872 | -10/Mines | Joined a pair of Derelicts in attacking an 0b10 outpost 1952 | -10/Mines | Excavation squad dispatched 1952 | -10/Mines | A large section of the Mines collapsed 2003 | -10/Mines | Entered Subcaves 2008 | -10/Subcaves | Learned Materials trap positions 2032 | -10/Subcaves | Lost 4 parts (2n2w) 2128 | -10/Subcaves | Discovered new exit (range 12) 2156 | -10/Subcaves | Learned location of Zion (-6) 2156 | -10/Subcaves | Met a Zionite searching for "candidates" 2258 | -10/Subcaves | Core integrity fell below 20% 2318 | -10/Subcaves | A swath of the cavern ceiling suddenly collapsed 2361 | -10/Subcaves | Ambushed by Subdwellers from Twisted Machinery 2363 | -10/Subcaves | Discovered new exit (range 15) 2367 | -10/Subcaves | Destroyed by CW-UD5(R) with Subdweller Laser Last Messages --------------- 02128_ EXIT=FOUND 02156_ 9J-ZMQ(z): "Hey you! It's really dangerous down here, I feel that you could die at any moment. For your health and safety might I suggest a trip to Zion?" World map updated: -6/Zion. 02257_ Triggered Shrapnel Trap. 02257_ An expanding cloud of shrapnel blasts out in all directions. 02257_ Ion Engine destroyed. 02268_ QH-IK1(u) builds Twisted Machinery. 02293_ QH-IK1(u) tweaks Twisted Machinery. A swath of the cavern ceiling suddenly collapses. 02342_ Acquired 8 matter. 02344_ Acquired 2 matter. 02361_ CW-UD5(R) emerges from the Twisted Machinery. 02362_ S-10 Pest destroyed. 02363_ EXIT=FOUND Map ----- +----------------------------------------------------+ | ??????????????????? ?????????????????? | | ??????????????????? ???????######????# | | ?????????????????? # # #?##########????# | | ?????????????????? #### ######### #####?# | | ?????????????????? #### ##### ### ####### | | ?????????????????? ??## ################# | | ??????????????????? ? ?#### #### # # ### | | ??????????????????? ??#### ##### # """"" | | ??????????????????? # ### ###### #" " | | ???????????????????? ### ##### ### # ### " | | ???????????????????## # ### #### ## ####### | | ???????????????####### # ### ### ## ## ###### | | ??????????????####### ## ## ### ### ## | | ??????????????###" [%### # ###### ## | | ??????????????## " *#### % ####### # | | ??????????????## "" R ## ##??#### | | ??????????????????##R ## #####???#### | | ??????????????????## ## #####????### ## | | ??????????????????## #######????????##### | | ???????????????##### ########????????##### | | ??????????????###### ####?????????????????? | | ??????????????### ####??????????????????? | | ??????????????## ####???????????????????? | | ??????????????### ###????????????????????? | | ??????????????### ###????????????????????? | | ??????????????## ###@ ####??????????????????? | | ??????????????## #### ###?????????????????? | | ??????????????## #### ##?????????????????? | | ??????????????## ??? ###?????????????????? | | ??????????????### ???? ###?????????????????? | | ??????????????######???? ##??????????????????? | | ???????????????#####???? ###??????????????????? | | ??????????????????????? ###??????????????????? | | ??????????????????????? #???????????????????? | | ??????????????????????? ####???????????????????? | | ?????????????????????## #####???????????????????? | | ?????????????????????######??????????????????????? | | ?????????????????????####